 Dungeon Crawl Stone Soup version 0.21.0-24-g2553a33 (webtiles) character file.

72 pstr the Digger (level 4, -4/36 HPs)
             Began as a Naga Earth Elementalist on Jan 19, 2018.
             Killed from afar by Natasha (9 damage)
             ... with a magic dart
             ... on level 2 of the Dungeon.
             The game lasted 00:05:13 (2262 turns).

pstr the Digger (Naga Earth Elementalist)           Turns: 2262, Time: 00:05:13

Health: -4/36      AC:  3    Str: 11    XL:     4   Next: 25%
Magic:  0/8        EV: 10    Int: 16    God:
Gold:   67         SH:  0    Dex: 11    Spells: 5/9 levels left

rFire    . . .     SeeInvis +   l - +3 whip
rCold    . . .     Gourm    .   (no shield)
rNeg     . . .     Faith    .   c - +0 robe
rPois    +         Spirit   .   (no helmet)
rElec    .         Reflect  .   h - +0 cloak
rCorr    .         Harm     .   (no gloves)
MR       .....                  (no barding)
Stlth    ++........             (no amulet)
HPRegen  0.12/turn              (no ring)
MPRegen  0.11/turn              (no ring)

@: very slightly contaminated, hasted, quick
A: large, see invisible, deformed body, poison resistance, slowness 2, slow
metabolism 1, spit poison 1, AC +1
a: Spit Poison


You were on level 2 of the Dungeon.
You were hungry.

You visited 1 branch of the dungeon, and saw 2 of its levels.

You collected 67 gold pieces.

Inventory:

Hand Weapons
 a - a +0 short sword
 l - a +3 whip (weapon)
Missiles
 b - 5 stones (quivered)
 o - 14 arrows
Armour
 c - a +0 robe (worn)
 h - a +0 cloak (worn)
 j - a +0 leather armour
Scrolls
 f - 2 scrolls of identify {unknown}
 g - 2 scrolls of enchant weapon {unknown}
 k - a scroll of teleportation {unknown}
 m - a scroll of remove curse {unknown}
Books
 e - a book of Geomancy

   Spells                             Type                      Level
   a - Sandblast                      Earth                        1
   b - Passwall                       Transmutation/Earth          2
   c - Stone Arrow                    Conjuration/Earth            3
   d - Petrify                        Transmutation/Earth          4
   e - Lee's Rapid Deconstruction     Earth                        5
Comestibles
 d - a ration


   Skills:
 + Level 0.1 Fighting
 + Level 1.6 Dodging
 + Level 3.3 Stealth
 + Level 3.0 Spellcasting
   Level 1.0 Transmutations
 + Level 4.0 Earth Magic


You had 5 spell levels left.
You knew the following spells:

 Your Spells              Type           Power        Failure   Level  Hunger
a - Sandblast             Erth           ###...       3%          1    #......
b - Stone Arrow           Conj/Erth      #.....       24%         3    ###....


Dungeon Overview and Level Annotations

Branches:
Dungeon (2/15)

Altars:

Annotations:
D:2 Natasha


Innate Abilities, Weirdness & Mutations

You cannot wear boots.
Your serpentine skin is tough. (AC +1)
You have supernaturally acute eyesight. (SInv)
Armour fits poorly on your strangely shaped body.
Your system is resistant to poisons. (rPois)
You cover ground very slowly.
You have a slow metabolism.
You can spit poison.


Message History

The crimson imp blinks!
The iron imp hits you.
* * * LOW HITPOINT WARNING * * *
Natasha misses you.
It was a potion of haste.
You feel yourself speed up. The crimson imp barely misses you.
Natasha casts a spell at you. You resist with some effort.
Casting: Sandblast
Confirm with . or Enter, or press ? or * to list all spells.
Aiming: Sandblast
Press: ? - help, Shift-Dir - straight line, f/p - Natasha
Aim: Natasha (heavily wounded)
The blast of sand misses Natasha.
b - 5 stones The crimson imp disappears in a puff of smoke!
The iron imp closely misses you.
The crimson imp blinks!
Natasha stares at you and mumbles some strange words.
The magic dart hits you!
You die...

###.# #######
#...####.....#
#.#..........#
#.#.###.§....#
#.#.###.....5# .#
#.....#...5..# ...
###.#.#.##h### #.#
#.#.#.##.#######.#########
#.....##.@.....#.#.......#
###.####.#####.#.........#
#......#####.#...≈≈≈...#
####.............≈≈≈...#
#....#.##>#...≈≈≈...#
#....#.##.#...≈≈≈....
#.........##...8...##
#.#.##.######........
#......# #####...##.#


You could see an iron imp and Natasha.

Vanquished Creatures
  3 gnolls (D:2)
  A dart slug (D:1)
  A leopard gecko (D:1)
  6 goblins
  3 hobgoblins (D:1)
  6 jackals (D:1)
  2 quokkas (D:2)
  6 bats
  2 frilled lizards
  6 kobolds
  2 rats
38 creatures vanquished.

Notes
Turn   | Place    | Note
-------+----------+-------------------------------------------
     0 | D:1      | pstr the Naga Earth Elementalist began the quest for the Orb.
     0 | D:1      | Reached XP level 1. HP: 15/15 MP: 3/3
   287 | D:1      | Reached XP level 2. HP: 18/22 MP: 0/5
   934 | D:1      | Reached XP level 3. HP: 28/28 MP: 4/6
   939 | D:1      | Learned a level 3 spell: Stone Arrow
  1676 | D:2      | Reached XP level 4. HP: 12/36 MP: 1/8
  1964 | D:2      | Reached skill level 4 in Earth Magic
  2227 | D:2      | Noticed Natasha
  2262 | D:2      | Killed from afar by Natasha

Skill      XL: |  1  2  3  4 |
---------------+-------------+-----
Spellcasting   | 3 |  3.0
Earth Magic    | 4 |  4.0
Fighting       | |  0.1
Dodging        | |  1.6
Stealth        | |  3.3
Transmutations | |  1.0

Action                   |  1- 3 |  4- 6 || total
-------------------------+-------+-------++-------
Melee: Whip              |       |     3 ||     3
 Cast: Sandblast         |    28 |     4 ||    32
       Stone Arrow       |     7 |     8 ||    15
 Abil: Spit Poison       |     8 |     2 ||    10
  Use: Potion            |       |     1 ||     1
  Eat: Chunk             |     3 |     2 ||     5
Armor: Robe              |     9 |    11 ||    20
Dodge: Dodged            |    29 |     8 ||    37
